 Dungeon Crawl Stone Soup version 0.22.1-2-g9c5b331 (webtiles) character file.

7726 MalarOregon the Transmogrifier (level 11, 0/83 HPs)
             Began as a Merfolk Transmuter on Nov 25, 2018.
             Was a High Priest of Lugonu.
             Slain by an iguana (6 damage)
             ... on level 9 of the Dungeon.
             The game lasted 00:36:35 (12500 turns).

MalarOregon the Transmogrifier (MfTm)              Turns: 12500, Time: 00:36:35

Health: 0/83       AC:  2    Str: 11    XL:     11   Next: 19%
Magic:  4/19       EV:  5    Int: 15    God:    Lugonu [*****.]
Gold:   783        SH:  0    Dex: 20    Spells: 7/21 levels left

rFire    . . .     SeeInvis .     - Unarmed
rCold    + . .     Gourm    .   (shield currently unavailable)
rNeg     + + +     Faith    .   (armour currently unavailable)
rPois    ∞         Spirit   .   (helmet currently unavailable)
rElec    .         Reflect  .   (cloak currently unavailable)
rCorr    .         Harm     .   (gloves currently unavailable)
MR       .....                  (boots currently unavailable)
Stlth    ++........             (no amulet)
HPRegen  0.23/turn              G - ring "Kelec" {rC+ rN+}
MPRegen  0.16/turn              A - ring of positive energy

@: spider-form, petrified, very slightly contaminated
A: tiny, (change form in water), (swift swim), (stealthy swim)
a: End Transformation, Depart the Abyss, Bend Space, Banish, Corrupt, Enter the
Abyss, Renounce Religion


You were on level 9 of the Dungeon.
You worshipped Lugonu.
Lugonu was extremely pleased with you.
You were hungry.
You were a venomous arachnid creature.
You visited 2 branches of the dungeon, and saw 10 of its levels.
You also visited: Ossuary and Bailey.

You collected 783 gold pieces.

Inventory:

Missiles
 a - 121 arrows
Armour
 b - a +2 robe (melded)
 z - a +0 pair of gloves (melded)
   (You found it on level 7 of the Dungeon)
 C - a +0 helmet (melded)
   (You found it on level 8 of the Dungeon)
 F - a +0 buckler (melded)
   (You found it on level 7 of the Dungeon)
Jewellery
 A - a ring of positive energy (right front leg)
   (You found it on level 8 of the Dungeon)
 G - the ring "Kelec" (left front leg) {rC+ rN+}
   (You found it on level 8 of the Dungeon)

   [ring of protection from cold]

   It protects you from cold.
   It protects you from negative energy.
Wands
 d - a wand of iceblast (6)
   (You found it on level 7 of the Dungeon)
 v - a wand of digging (13)
   (You found it on level 5 of the Dungeon)
 x - a wand of acid (2)
   (You found it on level 3 of the Dungeon)
 E - a wand of scattershot (6)
   (You found it on level 7 of the Dungeon)
Scrolls
 h - 3 scrolls of identify {@r1}
 i - 4 scrolls of enchant armour
 k - 8 scrolls of remove curse {@r2}
 p - 3 scrolls of immolation {!r}
 s - a scroll of enchant weapon {unknown}
 w - 2 scrolls of teleportation {@r4}
 y - a scroll of magic mapping {unknown}
 B - a scroll of silence {unknown}
 D - a scroll of noise {unknown}
Potions
 c - 2 potions of agility
 f - a potion of curing {@q1}
 g - 5 potions of flight
 j - 4 potions of heal wounds {@q2}
 l - 2 potions of lignification {unknown}
 m - a potion of invisibility {unknown}
 n - 3 potions of resistance
 o - 5 potions of brilliance
 q - 2 potions of haste {unknown}
 r - a potion of experience {unknown}
 t - a potion of cancellation {unknown}
Comestibles
 e - 18 rations {!d}


   Skills:
 + Level 6.5 Fighting
 + Level 4.1 Armour
 + Level 8.2 Dodging
 + Level 3.0 Shields
 + Level 8.2 Unarmed Combat
 + Level 5.7 Spellcasting
 + Level 9.4 Transmutations
 - Level 5.0 Ice Magic
 - Level 5.0 Poison Magic


You had 7 spell levels left.
You knew the following spells:

 Your Spells              Type           Power        Failure   Level  Hunger
a - Blade Hands           Tmut           ####......   22%         5    ######.
c - Ice Form              Ice/Tmut       ####....     21%         4    ####...
s - Sticks to Snakes      Tmut           ####....     3%          2    #......
x - Spider Form           Tmut/Pois      ####......   9%          3    ###....

Your spell library contained the following spells:

 Spells                   Type           Power        Failure   Level  Hunger
 Beastly Appendage        Tmut           ####..       2%          1    None


Dungeon Overview and Level Annotations

Branches:
Dungeon (9/15)             Temple (1/1) D:5
   Lair: D:8-11         Orc: D:9-12

Altars:
Ashenzari
Cheibriados
Dithmenos
Fedhas
Gozag
Hepliaklqana
Kikubaaqudgha
Makhleb
Nemelex Xobeh
Okawaru
Qazlal
Ru
Sif Muna
Trog
Uskayaw
Vehumet
Wu Jian
Xom
Yredelemnul
Zin
The Shining One
Lugonu


Message History

You start resting.
You feel sick.
You are no longer poisoned.
You start resting.
Your transformation is almost over.
You start resting.
An iguana comes into view.
A basilisk comes into view.
The basilisk hisses angrily.
You see here a basilisk corpse.
The iguana hisses angrily.
You bite the basilisk!
The basilisk is poisoned.
The basilisk gazes at you. You resist with some effort.
You bite the basilisk!
The basilisk looks as sick as possible!
The basilisk misses you.
You hit the basilisk.
The basilisk looks as sick as possible!
You hit the basilisk.
The basilisk looks as sick as possible!
Your transformation has ended.
Your +0 helmet unmelds from your body.
Your +0 pair of gloves unmelds from your body.
Your +0 buckler unmelds from your body.
Your +2 robe unmelds from your body.
The basilisk hisses menacingly.
The basilisk bites you!
* * * LOW HITPOINT WARNING * * *
You turn into a venomous arachnid creature.
Your +0 helmet melds into your body.
Your +0 pair of gloves melds into your body.
Your +0 buckler melds into your body.
Your +2 robe melds into your body.
The basilisk gazes at you.
You are slowing down.
The iguana closely misses you.
You hit the iguana but do no damage.
The iguana is poisoned.
You kill the basilisk!
Lugonu accepts your kill. The iguana bites you!
* * * LOW HITPOINT WARNING * * *
Your limbs are stiffening.
You hit the iguana.
The iguana looks as sick as possible!
The iguana closely misses you.
You have turned to stone.
The iguana bites you!
* * * LOW HITPOINT WARNING * * *
The iguana bites you but does no damage.
The iguana bites you!
* * * LOW HITPOINT WARNING * * *
The iguana bites you!
* * * LOW HITPOINT WARNING * * *
The iguana bites you!
* * * LOW HITPOINT WARNING * * *
The iguana bites you!
You die...

. .# .###.#### (..
......... ..
#........ ..
#........ .
#...%.... #.
#........
#####.#####sl......
.......†..†........
#####..†<..........
#..............
#......#§#.....
#.....#§§§#....
#....#§#§#§#...
?.....§§._§§§...
###.####.# #§###


You could see an iguana.

Vanquished Creatures
  A two-headed ogre (D:8)
  A slime creature (D:7)
  A hippogriff (D:8)
  6 yaks
  2 basilisks (D:9)
  A steam dragon (D:9)
  Edmund (D:6)
  10 orc warriors (Bailey)
  4 sky beasts
  An ice beast (D:8)
  2 phantoms
  11 centaurs
  6 ogres
  An elf zombie (Ossuary)
  3 bullfrogs
  A wyvern zombie (D:8)
  3 scorpions
  4 killer bees (D:9)
  8 wights
  A howler monkey (D:6)
  3 electric eels (D:5)
  3 crimson imps (D:7)
  A bullfrog zombie (D:4)
  2 centaur zombies (Ossuary)
  A gnoll shaman (D:8)
  2 hounds
  A bullfrog skeleton (D:8)
  6 orc priests
  3 jellies
  2 orc wizards
  3 iguanas
  4 worker ants
  4 hound zombies
  2 mummies (Ossuary)
  A howler monkey zombie (D:7)
  3 gnolls (D:8)
  A howler monkey skeleton (D:4)
  7 adders
  4 shadow imps
  An ooze (D:7)
  An adder skeleton (D:4)
  3 adder zombies (Ossuary)
  10 dart slugs
  3 leopard geckos
  45 orcs
  2 giant cockroaches
  11 goblins
  9 hobgoblins
  4 jackals
  7 quokkas
  2 ball pythons
  6 bats
  3 frilled lizards
  2 gnoll zombies (Ossuary)
  2 goblin zombies (Ossuary)
  2 hobgoblin zombies (Ossuary)
  2 jackal zombies (Ossuary)
  9 kobolds
  2 kobold zombies (Ossuary)
  An orc zombie (Ossuary)
  5 quokka zombies
  5 rats
  3 rat zombies (Ossuary)
261 creatures vanquished.

Vanquished Creatures (collateral kills)
  An elf zombie (Ossuary)
  A bullfrog skeleton (D:5)
  A mummy (Ossuary)
  A howler monkey zombie (D:5)
  An adder zombie (Ossuary)
  A gnoll zombie (Ossuary)
  A goblin zombie (Ossuary)
  2 kobold zombies (Ossuary)
  A quokka zombie (Ossuary)
  A rat zombie (Ossuary)
11 creatures vanquished.

Vanquished Creatures (others)
  An ogre (D:8)
  A bullfrog (D:8)
  An orc wizard (D:8)
  A worker ant (D:8)
  2 orcs (D:8)
  2 bushes (D:9)
  2 fungi (D:9)
  5 plants (D:9)
15 creatures vanquished.

Grand Total: 287 creatures vanquished

Notes
Turn   | Place    | Note
-------+----------+-------------------------------------------
     0 | D:1      | MalarOregon the Merfolk Transmuter began the quest for the
                  | Orb.
     0 | D:1      | Reached XP level 1. HP: 15/15 MP: 3/3
    10 | D:1      | Found a snail-covered altar of Cheibriados.
   360 | D:1      | Reached XP level 2. HP: 21/21 MP: 5/5
   426 | D:1      | Reached skill level 3 in Transmutations
   468 | D:1      | Learned a level 2 spell: Sticks to Snakes
  1204 | D:2      | Reached XP level 3. HP: 16/26 MP: 3/6
  1423 | D:2      | Learned a level 3 spell: Spider Form
  1977 | D:3      | Reached XP level 4. HP: 25/33 MP: 5/7
  2815 | D:3      | Reached skill level 1 in Poison Magic
  2891 | D:3      | Found a hide-covered altar of Uskayaw.
  2935 | D:3      | Reached XP level 5. HP: 34/38 MP: 8/8
  3377 | D:3      | Found an ornate altar of the Wu Jian Council.
  3380 | D:3      | Found a burning altar of Makhleb.
  3383 | D:3      | Found a stormy altar of Qazlal.
  3490 | D:4      | Noticed an ogre
  3744 | D:4      | Reached skill level 4 in Transmutations
  3749 | D:4      | Reached XP level 6. HP: 28/46 MP: 7/10
  3775 | D:4      | Reached skill level 1 in Armour
  3796 | D:4      | Learned a level 4 spell: Ice Form
  4329 | D:4      | Reached XP level 7. HP: 51/52 MP: 7/11
  4422 | D:4      | Reached skill level 1 in Ice Magic
  4772 | D:5      | Entered Level 5 of the Dungeon
  4826 | D:5      | Found a staircase to the Ecumenical Temple.
  4866 | Temple   | Entered the Ecumenical Temple
  5079 | Temple   | Became a worshipper of Lugonu the Unformed
  5079 | Temple   | Reached * piety under Lugonu
  5120 | D:5      | Reached skill level 5 in Transmutations
  5376 | D:5      | Reached skill level 5 in Unarmed Combat
  5430 | D:5      | Found a transporter.
  5447 | D:5      | Found a transporter.
  5466 | D:5      | Reached skill level 5 in Dodging
  5466 | D:5      | Reached XP level 8. HP: 59/59 MP: 10/13
  5724 | D:5      | Found an opulent altar of Gozag.
  5818 | D:5      | Found a shimmering altar of Xom.
  6046 | D:6      | Found a basalt altar of Yredelemnul.
  6080 | D:6      | Found a sand-covered staircase.
  6083 | D:6      | Noticed a yak
  6084 | D:6      | Noticed a yak
  6084 | D:6      | Noticed a yak
  6084 | D:6      | Noticed a yak
  6086 | D:6      | Noticed a yak
  6086 | D:6      | Noticed a yak
  6090 | Ossuary  | Entered an ossuary
  6120 | Ossuary  | Reached ** piety under Lugonu
  6334 | Ossuary  | Reached skill level 6 in Transmutations
  6908 | D:6      | Noticed Edmund
  6927 | D:6      | Killed Edmund
  6931 | D:6      | Reached XP level 9. HP: 38/65 MP: 9/15
  6948 | D:6      | Learned a level 5 spell: Blade Hands
  6982 | D:6      | Reached *** piety under Lugonu
  7014 | D:6      | Reached skill level 7 in Transmutations
  8167 | D:5      | Reached skill level 8 in Transmutations
  8297 | D:6      | Reached skill level 5 in Fighting
  8577 | D:7      | Got a crude ivory ring
  8578 | D:7      | Identified the ring "Axtuw" {Wiz MR- MP+9 Dex+4} (You found
                  | it on level 7 of the Dungeon)
  8652 | D:7      | Reached XP level 10. HP: 55/74 MP: 17/17
  9047 | D:7      | Found a shattered altar of Ashenzari.
  9268 | D:7      | Found a sparkling altar of Nemelex Xobeh.
  9447 | D:8      | Reached skill level 5 in Poison Magic
  9471 | D:8      | Found a flagged portal.
  9518 | Bailey   | Entered a bailey
  9534 | Bailey   | Reached **** piety under Lugonu
  9767 | Bailey   | Reached skill level 1 in Shields
  9807 | Bailey   | Reached skill level 5 in Spellcasting
 10991 | D:8      | Reached skill level 9 in Transmutations
 11055 | D:8      | Found a shimmering altar of Xom.
 11323 | D:7      | Reached skill level 5 in Ice Magic
 11637 | D:8      | Got a scorched bronze ring
 11638 | D:8      | Identified the ring "Kelec" {rC+ rN+} (You found it on
                  | level 8 of the Dungeon)
 11810 | D:8      | Noticed a two-headed ogre
 11836 | D:8      | Killed a two-headed ogre
 11836 | D:8      | Reached XP level 11. HP: 27/83 MP: 16/19
 12124 | D:8      | Found a bloodstained altar of Trog.
 12408 | D:9      | Found a shadowy altar of Dithmenos.
 12475 | D:9      | Reached ***** piety under Lugonu
 12500 | D:9      | Slain by an iguana

Skill      XL: |  1  2  3  4  5  6  7  8  9 10 11 |
---------------+----------------------------------+-----
Dodging        | 3 4 5 6 8 |  8.2
Transmutations | 3 4 5 6 8 9 |  9.4
Fighting       | 2 3 4 5 6 |  6.5
Poison Magic   | 1 2 3 4 5 |  5.0
Unarmed Combat | 4 5 6 7 8 |  8.2
Armour         | 1 2 3 4 |  4.1
Spellcasting   | 3 4 5 |  5.7
Ice Magic      | 1 2 3 5 |  5.0
Shields        | 2 3 |  3.0

Action                   |  1- 3 |  4- 6 |  7- 9 | 10-12 || total
-------------------------+-------+-------+-------+-------++-------
Melee: Unarmed           |   127 |   219 |   443 |   328 ||  1117
       Headbutt          |     8 |     9 |       |       ||    17
       Punch             |     1 |     3 |     6 |     6 ||    16
       Tailslap          |       |     3 |       |     7 ||    10
Throw: Tomahawk          |       |       |       |     8 ||     8
       Javelin           |       |       |       |     2 ||     2
 Cast: Beastly Appendage |    14 |     7 |       |       ||    21
       Spider Form       |       |     4 |    23 |    25 ||    52
       Sticks to Snakes  |       |       |    20 |     5 ||    25
       Blade Hands       |       |       |     1 |    10 ||    11
       Ice Form          |       |       |       |     1 ||     1
 Abil: End Transformatio |       |       |       |     2 ||     2
Evoke: Wand              |       |       |     4 |    13 ||    17
  Use: Scroll            |       |    10 |     7 |     2 ||    19
       Potion            |       |       |       |     1 ||     1
 Stab: Sleeping          |     2 |     3 |     1 |     1 ||     7
       Distracted        |       |       |     4 |     1 ||     5
  Eat: Chunk             |     4 |     8 |    15 |    15 ||    42
       Ration            |       |       |     1 |     1 ||     2
Armor: Robe              |    20 |    34 |    36 |    13 ||   103
       Skin              |       |       |     4 |     5 ||     9
Dodge: Dodged            |    75 |   142 |   350 |   305 ||   872
Block: Buckler           |       |       |       |    26 ||    26
